 Dungeon Crawl Stone Soup version 0.32-a0-131-g9dbbe29261 (webtiles) character file.

Game seed: 11664573729639967500

140180 hikkokomori the Grappler (level 16, -9/165 HPs)
             Began as a Troll Fighter on Feb 8, 2024.
             Was the Champion of Wu Jian.
             Mangled by an entropy weaver (12 damage)
             ... on level 1 of the Spider Nest.
             The game lasted 01:15:05 (24827 turns).

hikkokomori the Grappler (Troll Fighter)           Turns: 24827, Time: 01:15:05

Health: -9/165     AC: -4    Str: 28    XL:     16   Next: 75%
Magic:  19/19      EV: 18    Int:  4    God:    Wu Jian [******]
Gold:   1927       SH: 17    Dex: 18    Spells: 20/21 levels left

rFire   . .          .
                       - Unarmed
rCold   . . .        b - +0 kite shield
rNeg    . . .        q - +0 steam dragon scales
rPois   +            w - +0 hat {Will+}
rElec   .            g - +2 cloak {rPois}
rCorr   .            (gloves unavailable)
SInv    +            (boots unavailable)
Will    ++...        Q - amulet "Eshruptoin" {Reflect Harm Dex+3 SH+5 SInv}
Stlth   ++           K - ring of flight
HPRegen 1.27/turn    z - +5 ring of evasion
MPRegen 0.16/turn

%: harm (+30% outgoing, +20% incoming), reflection
@: exhausted, corroded, flying
A: large, unfitting armour, claws 3, regeneration 1, shaggy fur 1, tough skin 1
a: Renounce Religion, Wall Jump, Serpent's Lash, Heavenly Storm


You were on level 1 of the Spider Nest.
You worshipped Wu Jian.
Wu Jian was exalted by your worship.
You visited 7 branches of the dungeon, and saw 26 of its levels.
You also visited: Bailey.

You collected 2814 gold pieces.
You spent 887 gold pieces at shops.

Inventory:

Missiles
 a - 15 curare-tipped darts
 u - 3 darts of dispersal
 x - 4 throwing nets
 y - 6 boomerangs
 M - 34 large rocks (quivered)
 S - 12 javelins
Armour
 b - a +0 kite shield (worn)
 g - a +2 cloak of poison resistance (worn)
 q - +0 steam dragon scales (worn)
 w - a +0 hat of willpower (worn)
 C - a +1 hat
Jewellery
 h - a ring of resist corrosion
 o - a +6 ring of dexterity
 z - a +5 ring of evasion (right claw)
 K - a ring of flight (left claw)
 L - a ring of protection from cold
 P - an amulet of regeneration
 Q - the amulet "Eshruptoin" (around neck) {Reflect Harm Dex+3 SH+5 SInv}
   (You found it on level 12 of the Dungeon)

   [amulet of reflection]

   Reflect:   It reflects blocked missile attacks.
   Dex+3:     It affects your dexterity (+3).
   SInv:      It lets you see invisible.
   SH+5:      It affects your SH (+5).
   Harm:      It increases damage dealt and taken.
Wands
 j - a wand of light (7)
 n - a wand of flame (56)
 r - a wand of mindburst (23)
 B - a wand of iceblast (5)
 D - a wand of digging (10)
 N - a wand of paralysis (4)
 Y - a wand of polymorph (4)
Scrolls
 d - a scroll of fear
 l - 3 scrolls of revelation
 m - 2 scrolls of blinking
 p - 3 scrolls of brand weapon
 s - 3 scrolls of vulnerability
 v - 3 scrolls of noise
 E - 3 scrolls of summoning
 G - a scroll of silence
 J - 2 scrolls of enchant weapon
 U - a scroll of amnesia
 V - 4 scrolls of poison
 W - 8 scrolls of teleportation
 X - a scroll of fog
 Z - a scroll of torment
Potions
 c - 6 potions of might
 e - a potion of invisibility
 f - 4 potions of ambrosia
 i - 2 potions of enlightenment
 k - 6 potions of curing
 t - 4 potions of cancellation
 A - 4 potions of degeneration
 F - 2 potions of brilliance
 H - a potion of resistance
 I - 2 potions of mutation
 T - 2 potions of heal wounds
Miscellaneous
 R - a phantom mirror


   Skills:
 - Level 12.0 Fighting
 + Level 12.6 Throwing
 - Level 5.0 Armour
 - Level 7.0 Dodging
 - Level 2.0 Stealth
 - Level 11.0 Shields
 + Level 14.6 Unarmed Combat
 - Level 3.0 Spellcasting
 - Level 3.1 Translocations
 - Level 8.4 Evocations


You had 20 spell levels left.
You knew the following spells:

 Your Spells              Type           Power      Damage    Failure   Level
a - Apportation           Tloc           6%         N/A       19%         1

Your spell library contained the following spells:

 Spells                   Type           Power      Damage    Failure   Level
 Ensorcelled Hibernation  Hex/Ice        0%         N/A       69%         2
 Jinxbite                 Hex            0%         N/A       69%         2
 Scorch                   Fire           0%         2d5       69%         2
 Sublimation of Blood     Necr           0%         N/A       69%         2
 Fugue of the Fallen      Necr           0%         N/A       89%         3
 Inner Flame              Hex/Fire       0%         N/A       89%         3
 Summon Ice Beast         Ice/Summ       0%         N/A       89%         3
 Anguish                  Hex/Necr       0%         N/A       100%        4
 Animate Armour           Summ/Erth      0%         N/A       100%        4
 Cause Fear               Hex            0%         N/A       100%        4
 Flame Wave               Conj/Fire      0%         2d4       100%        4
 Petrify                  Alch/Erth      0%         N/A       100%        4
 Sticky Flame             Fire/Alch      0%         2d4       100%        4
 Summon Lightning Spire   Summ/Air       0%         N/A       100%        4
 Alistair's Intoxication  Alch           0%         N/A       100%        5
 Borgnjor's Vile Clutch   Necr/Erth      0%         N/A       100%        5
 Irradiate                Conj/Alch      0%         3d11      100%        5
 Lee's Rapid Deconstruct  Erth           0%         3d4*      100%        5
 Summon Forest            Summ/Tloc      0%         N/A       100%        5
 Summon Mana Viper        Hex/Summ       0%         N/A       100%        5
 Eringya's Noxious Bog    Alch           0%         4d6       100%        6
 Summon Cactus Giant      Summ           0%         N/A       100%        6
 Enfeeble                 Hex            0%         N/A       100%        7
 Chain Lightning          Conj/Air       0%         N/A       100%        9
 Fire Storm               Conj/Fire      0%         5d1       100%        9
 Shatter                  Erth           0%         3d5*      100%        9


Dungeon Overview and Level Annotations

Branches:
Dungeon (15/15)            Temple (1/1) D:6            Lair (5/5) D:11
 Shoals (0/4) Lair:3       Spider (1/4) Lair:3        Slime (1/5) Lair:5
    Orc (2/2) D:11            Elf (1/3) Orc:2        Vaults (0/5) D:14
 Depths (0/4) D:15         Bailey (visited)

Altars:
Ashenzari
Cheibriados
Dithmenos
Elyvilon
Fedhas
Gozag
Hepliaklqana
Kikubaaqudgha
Makhleb
Nemelex Xobeh
Okawaru
Qazlal
Ru
Sif Muna
Trog
Uskayaw
Vehumet
Wu Jian
Xom
Yredelemnul
Zin
The Shining One
Jiyva
Lugonu

Shops:
D:2 =   D:7 :   D:8 [   D:13 (   Orc:2 =(**

Portals:
Abyss: Lair:5
Pandemonium: Orc:2

Annotations:
D:13 3 runed translucent doors, Azoth's ghost, journeyman HuMo


Innate Abilities, Weirdness & Mutations

You are too large for most types of armour.
You have claws for hands.
Your natural rate of healing is unusually fast.
You are covered in fur. (AC +1)
You have tough skin. (AC +1)


Message History

The culicivora is severely wounded.
The redback misses you. The wolf spider misses you. The wolf spider bites you.
* * * LOW HITPOINT WARNING * * *
The culicivora chitters at the wolf spider.
The wolf spider's wounds heal themselves!
You block the redback's attack. x2; You block the wolf spider's attack.
The wolf spider misses you.
Unknown command.
Your muscles tense, ready for explosive movement...
Aiming: Wall Jump
Press: ? - help, Dir - move target You repeatedly attack the culicivora from above, with incredible momentum.
You eviscerate the culicivora!!!
You kill the culicivora!
The Council accepts your kill.
You repeatedly attack the redback from above, with incredible momentum.
You claw the redback!
The redback is heavily wounded.
You scratch the redback but do no damage.
The redback is heavily wounded.
You mangle the redback!!
You kill the redback!
The Council accepts your kill.
You repeatedly attack the jumping spider from above, with incredible momentum.
You eviscerate the jumping spider!!!
You kill the jumping spider!
The Council accepts your kill.
Your supernatural speed expires.
Unknown command.
Unknown command.
You lunge at the entropy weaver.
You closely miss the entropy weaver. The entropy weaver hits you!
* * * LOW HITPOINT WARNING * * *
The entropy weaver hits you!
* * * LOW HITPOINT WARNING * * *
The entropy weaver barely misses you. You block the entropy weaver's attack.
You block the wolf spider's attack. x2; The entropy weaver closely misses you.
The entropy weaver completely misses you.
The entropy weaver hits you!
You die...

..#. ..# ..... ...# ..#.
...# .. ...### ...####
...##...##...##.##
...#....#...##...#
........†B..#...##
#....○○@s..#....####
#....°.○s####..###.#
##...○○####........###
#####....###.........#
###.#.#...##.#..^.....###
#.....#.................##
..............##..#...##.
####.......#.....####......
#..###.....#....## #......


You could see an entropy weaver, a wolf spider and a redback.

Vanquished Creatures
  Saint Roka (Orc:2)
  Rupert (D:12)
  Jorgrun (Spider:1)
  Aizul (Spider:1)
  A frost giant (D:12)
  2 fire giants (D:12)
  An emperor scorpion (Spider:1)
  A ghost moth (Lair:3)
  2 formless jellyfish (Lair:5)
  A stone giant (D:12)
  Josephine (D:12)
  An ettin (D:12)
  2 rakshasas
  Erica (D:8)
  2 demonspawn (Orc:2)
  3 vault guards
  3 centaur warriors
  7 hydras
  The ghost of cforsyth the Fighter, a journeyman DjWr of Xom (D:10)
  7 boulder beetles
  A tengu warrior (D:14)
  3 death yaks (Lair:5)
  7 two-headed ogres
  2 occultists (D:15)
  A deep troll earth mage (D:12)
  3 thrashing horrors (Lair:5)
  4 orc high priests (Orc:2)
  A deep elf knight (D:12)
  A sixfirhy (Orc:2)
  A fire crab (Lair:5)
  3 skysharks
  The ghost of Oneirical the Gouger, a novice FeMo of Wu Jian (D:8)
  A sun moth (Lair:3)
  A deep elf archer (D:12)
  A glowing orange brain (D:14)
  A harpy (shapeshifter) (Lair:5)
  A lindwurm (Lair:5)
  A necromancer (D:15)
  5 orc knights
  11 orc sorcerers
  7 deep elf pyromancers
  3 wolf spiders
  A wolf spider (shapeshifter) (D:12)
  5 manticores
  7 ugly things
  A faun (shapeshifter) (D:12)
  9 cyclopes
  5 black mambas
  A black mamba (shapeshifter) (D:14)
  15 elephants
  3 kobold blastminers (Orc:1)
  2 centaur skeletons (D:15)
  2 smoke demons (Lair:5)
  8 cane toads
  A gargoyle (D:12)
  2 rust devils (Orc:2)
  2 unseen horrors (D:12)
  3 large abominations (Lair:5)
  Jeremiah (D:6)
  A torpor snail (Spider:1)
  5 kobold demonologists
  2 rime drakes
  A cane toad (shapeshifter) (D:14)
  2 yaktaurs (D:12)
  2 tengu conjurers
  2 efreet
  13 komodo dragons
  6 trolls
  A polar bear (shapeshifter) (D:12)
  A queen bee (Lair:2)
  2 tarantellas (Spider:1)
  Prince Ribbit (Bailey)
  A raiju (Lair:5)
  Grinder (D:5)
  13 dream sheep
  19 blink frogs
  12 slime creatures
  A jumping spider (Spider:1)
  2 shadows
  A centaur simulacrum (D:15)
  7 culicivoras
  4 wyverns
  4 wraiths
  4 ynoxinuls
  21 yaks
  13 basilisks
  2 fire bats (Lair:2)
  A fire bat (shapeshifter) (D:13)
  5 humans (Bailey)
  2 wargs
  5 steam dragons
  4 vampire mosquitoes
  10 redbacks (Spider:1)
  2 chaos spawn (Lair:5)
  13 small abominations (Lair:5)
  An acid dragon (D:12)
  22 water moccasins
  Duvessa (D:5)
  5 laughing skulls
  34 orc warriors
  A hornet zombie (D:15)
  3 sky beasts
  4 ogres
  16 wolves
  4 black bears
  A centaur (shapeshifter) (Lair:5)
  7 centaurs
  A kobold brigand (D:8)
  30 bullfrogs
  2 gnoll sergeants
  4 scorpions
  Dowan (D:5)
  36 killer bees
  5 howler monkeys
  6 crimson imps (D:6)
  A bombardier beetle (D:4)
  A hound (D:7)
  12 jellies
  25 orc priests
  2 gnoll boudas
  3 iguanas
  12 orc wizards
  4 hell rats (Lair:1)
  Terence (D:3)
  23 gnolls
  4 adders
  A river rat (Lair:2)
  A shadow imp (D:6)
  3 white imps
  2 ribbon worms
  2 dart slugs (D:1)
  84 orcs
  25 endoplasms
  4 goblins
  7 hobgoblins
  5 jackals
  3 quokkas
  3 training dummies (D:13)
  3 ball pythons
  4 bats
  4 frilled lizards
  5 kobolds
  4 rats (D:1)
  A butterfly (Lair:1)
787 creatures vanquished.

Vanquished Creatures (collateral kills)
  An orc (Orc:2)
1 creature vanquished.

Vanquished Creatures (others)
  A shadow (D:12)
  An orc wizard (Orc:2)
  An orc (D:5)
3 creatures vanquished.

Grand Total: 791 creatures vanquished

Notes
Turn   | Place    | Note
-------+----------+-------------------------------------------
     0 | D:1      | hikkokomori the Troll Fighter began the quest for the Orb.
     0 | D:1      | Reached XP level 1. HP: 22/22 MP: 0/0
    80 | D:1      | Found a faded altar of an unknown god.
   181 | D:1      | Reached XP level 2. HP: 29/29 MP: 1/1
   768 | D:2      | Reached XP level 3. HP: 37/37 MP: 2/2
   887 | D:2      | Found Dodghor's Jewellery Boutique.
  1122 | D:3      | Reached skill level 3 in Unarmed Combat
  1156 | D:3      | Noticed Terence
  1163 | D:3      | Killed Terence
  1164 | D:3      | Reached XP level 4. HP: 45/45 MP: 3/3
  1356 | D:3      | Found a white marble altar of Elyvilon.
  1485 | D:3      | Found a basalt altar of Yredelemnul.
  1541 | D:4      | Reached skill level 1 in Evocations
  1548 | D:4      | Reached skill level 1 in Stealth
  1576 | D:4      | Reached XP level 5. HP: 24/53 MP: 4/4
  1727 | D:4      | Reached skill level 4 in Unarmed Combat
  1798 | D:4      | Reached XP level 6. HP: 55/61 MP: 5/5
  2330 | D:5      | Entered Level 5 of the Dungeon
  2352 | D:5      | Noticed Dowan
  2353 | D:5      | Noticed Duvessa
  2357 | D:5      | Killed Dowan
  2362 | D:5      | Noticed a steam dragon
  2364 | D:5      | Killed Duvessa
  2371 | D:5      | Reached XP level 7. HP: 67/67 MP: 6/6
  2394 | D:5      | Killed a steam dragon
  2507 | D:5      | Learned a level 1 spell: Apportation
  2720 | D:5      | Noticed Grinder
  2725 | D:5      | Killed Grinder
  2726 | D:5      | Reached skill level 5 in Unarmed Combat
  2726 | D:5      | Reached skill level 1 in Translocations
  2726 | D:5      | Reached XP level 8. HP: 76/78 MP: 7/7
  2852 | D:5      | Got Uruehoxzi's Almanac of Toxic Hypothermia
  2863 | D:5      | Reached skill level 6 in Unarmed Combat
  3413 | D:6      | Noticed Jeremiah
  3529 | D:6      | Reached skill level 1 in Throwing
  3605 | D:6      | Reached skill level 5 in Dodging
  3878 | D:6      | Killed Jeremiah
  3879 | D:6      | Reached XP level 9. HP: 10/85 MP: 8/8
  4031 | D:6      | Found a staircase to the Ecumenical Temple.
  4050 | Temple   | Entered the Ecumenical Temple
  4122 | Temple   | Became a worshipper of the Wu Jian Council
  4416 | D:6      | Reached skill level 5 in Fighting
  5065 | D:7      | Found a shadowy altar of Dithmenos.
  5113 | D:7      | Reached skill level 7 in Unarmed Combat
  5446 | D:7      | Found Nuwk's Self-Improvement Boutique.
  5458 | D:7      | Reached * piety under Wu Jian
  5785 | D:7      | Found a sacrificial altar of Ru.
  5789 | D:7      | Found a blossoming altar of Fedhas.
  6167 | D:8      | Found a runed translucent gate.
  6168 | D:8      | Found a runed translucent gate.
  6169 | D:8      | Found a runed translucent gate.
  6183 | D:8      | Noticed Oneirical's ghost (novice FeMo)
  6184 | D:8      | Noticed a two-headed ogre
  6363 | D:8      | Reached skill level 10 in Unarmed Combat
  6363 | D:8      | Reached XP level 10. HP: 98/98 MP: 9/9
  6576 | D:8      | Found Duga's Armour Boutique.
  6587 | D:8      | Bought a +2 cloak of poison resistance for 222 gold pieces
  6632 | D:8      | Noticed Erica
  6643 | D:8      | Killed Erica
  6644 | D:8      | Reached XP level 11. HP: 63/105 MP: 10/10
  7282 | D:9      | Found a flagged portal.
  7395 | Bailey   | Entered a bailey
  7462 | Bailey   | Reached skill level 5 in Throwing
  7464 | Bailey   | Reached ** piety under Wu Jian
  7537 | Bailey   | Noticed a vault guard
  7537 | Bailey   | Noticed Prince Ribbit
  7540 | Bailey   | Killed Prince Ribbit
  7548 | Bailey   | Killed a vault guard
  7571 | Bailey   | Reached skill level 5 in Evocations
  7571 | Bailey   | Reached XP level 12. HP: 119/119 MP: 11/11
  7586 | Bailey   | Noticed a vault guard
  7595 | Bailey   | Killed a vault guard
  7596 | Bailey   | Reached skill level 1 in Armour
  8296 | D:10     | Entered Level 10 of the Dungeon
  8589 | D:10     | Found Zin's Purification Station.
  8594 | D:10     | Found a glowing silver altar of Zin.
  8693 | D:10     | Found a runed translucent door.
  8693 | D:10     | Noticed cforsyth's ghost (journeyman DjWr)
  9126 | D:11     | Noticed a two-headed ogre
  9132 | D:11     | Killed a two-headed ogre
  9399 | D:11     | Reached *** piety under Wu Jian
  9418 | D:11     | Noticed a two-headed ogre
  9426 | D:11     | Killed a two-headed ogre
  9427 | D:11     | Reached skill level 1 in Spellcasting
  9646 | D:11     | Found a staircase to the Orcish Mines.
  9754 | D:12     | You are sucked into a shaft and drop 3 floors!
  9754 | D:15     | Entered Level 15 of the Dungeon
  9775 | D:15     | Noticed a centaur warrior
  9786 | D:15     | Killed a centaur warrior
  9882 | D:15     | Reached XP level 13. HP: 78/127 MP: 14/14
  9983 | D:14     | Reached skill level 11 in Unarmed Combat
 10158 | D:14     | HP: 2/127 [large slime creature (28)]
 10286 | D:12     | Noticed Josephine
 10311 | D:12     | Killed Josephine
 10493 | D:12     | Noticed a stone giant
 10495 | D:12     | Noticed a fire giant
 10502 | D:12     | Killed a stone giant
 10508 | D:12     | Killed a fire giant
 10522 | D:12     | Reached **** piety under Wu Jian
 10694 | D:12     | Identified the amulet "Eshruptoin" {Reflect Harm Dex+3 SH+5
                  | SInv}
 10744 | D:12     | Noticed Rupert
 10754 | D:12     | Killed Rupert
 10786 | D:12     | Reached skill level 12 in Unarmed Combat
 10887 | D:12     | Reached skill level 10 in Throwing
 10956 | D:12     | Noticed an ettin
 10958 | D:12     | Noticed a frost giant
 10971 | D:12     | Killed an ettin
 10985 | D:12     | Killed a frost giant
 11306 | D:12     | Noticed a fire giant
 11312 | D:12     | Killed a fire giant
 11331 | D:12     | HP: 3/120 [deep elf archer/arrow (15)]
 11548 | D:12     | Reached XP level 14. HP: 130/134 MP: 17/17
 12123 | D:8      | Killed Oneirical's ghost
 12377 | Orc:1    | Entered Level 1 of the Orcish Mines
 12507 | Orc:2    | Entered Level 2 of the Orcish Mines
 12510 | Orc:2    | Noticed Saint Roka
 12891 | Orc:1    | Paralysed by an orc sorcerer for 5 turns
 12960 | Orc:1    | Reached skill level 10 in Fighting
 13015 | Orc:1    | Reached ***** piety under Wu Jian
 13431 | Orc:2    | Found a burning altar of Makhleb.
 13458 | Orc:2    | Killed Saint Roka
 13512 | Orc:2    | Found a staircase to the Elven Halls.
 13820 | Orc:2    | Found Lifinlojo's General Store.
 13894 | Orc:2    | Found Baf Rut's General Store.
 14270 | Orc:2    | Bought a scroll of teleportation for 39 gold pieces
 14594 | Orc:2    | Found Elaeplurr's Jewellery Shoppe.
 14594 | Orc:2    | Found Jugacw's Antique Weapon Emporium.
 14595 | Orc:2    | Found a one-way gate leading to the halls of Pandemonium.
 14864 | Orc:2    | Bought a potion of invisibility for 104 gold pieces
 14864 | Orc:2    | Bought a wand of light (5) for 273 gold pieces
 14864 | Orc:2    | Bought 2 throwing nets for 78 gold pieces
 14864 | Orc:2    | Bought a wand of flame (9) for 81 gold pieces
 14895 | Elf:1    | Entered Level 1 of the Elven Halls
 15262 | D:13     | Found Dofibamnyd's Firing Range.
 15314 | D:13     | Reached skill level 13 in Unarmed Combat
 15363 | D:13     | Found a runed translucent gate.
 15363 | D:13     | Found a runed translucent gate.
 15363 | D:13     | Found an ancient bone altar of Kikubaaqudgha.
 15363 | D:13     | Found a runed translucent gate.
 15363 | D:13     | Noticed a lich
 15363 | D:13     | Noticed a lich
 15363 | D:13     | Noticed a lich
 15364 | D:13     | Noticed a lich
 15364 | D:13     | Noticed Azoth's ghost (journeyman HuMo)
 16096 | D:10     | Killed cforsyth's ghost
 16097 | D:10     | Reached XP level 15. HP: 146/149 MP: 18/18
 16212 | D:10     | Bought a potion of curing for 90 gold pieces
 16349 | D:11     | Found a staircase to the Lair.
 16390 | Lair:1   | Entered Level 1 of the Lair of Beasts
 16403 | Lair:1   | Identified the +1 mace of the Ring {spect, rC- rCorr Int-2
                  | Dex+5}
 16690 | Lair:1   | Reached ****** piety under Wu Jian
 17933 | Lair:2   | Identified the +3 long sword of Zouhew {heavy, Will+}
 18648 | Lair:3   | Found a staircase to the Shoals.
 18695 | Lair:3   | Found a hole to the Spider Nest.
 18780 | Lair:3   | Reached skill level 14 in Unarmed Combat
 20158 | Lair:5   | Entered Level 5 of the Lair of Beasts
 20674 | Lair:5   | Found a viscous altar of Jiyva.
 20674 | Lair:5   | Found a staircase to the Slime Pits.
 20929 | Lair:5   | Reached skill level 5 in Armour
 20967 | Lair:5   | Reached XP level 16. HP: 161/161 MP: 19/19
 21098 | Lair:5   | Identified the orb of Vimuoq {mayhem, Conj}
 21202 | Lair:5   | Found a corrupted altar of Lugonu.
 21206 | Lair:5   | Found a one-way gate to the infinite horrors of the Abyss.
 22010 | D:14     | Reached skill level 10 in Shields
 22151 | D:14     | Found a gate to the Vaults.
 22452 | D:14     | Identified the +2 dagger of Defence by Offence {holy, Will+
                  | Str-3 Int+4 Dex+4}
 23314 | D:15     | Found a staircase to the Depths.
 23576 | Slime:1  | Entered Level 1 of the Pits of Slime
 23577 | Slime:1  | Paralysed by a formless jellyfish for 1 turns
 23581 | Slime:1  | Paralysed by a formless jellyfish for 1 turns
 23590 | Lair:5   | Paralysed by a formless jellyfish for 1 turns
 23741 | Spider:1 | Entered Level 1 of the Spider Nest
 23954 | Slime:1  | HP: 6/155 [slime creature (3)]
 24445 | Spider:1 | Identified the serpent talisman "Focigel" {Will+ Int+3}
 24445 | Spider:1 | Noticed Aizul
 24461 | Spider:1 | Killed Aizul
 24567 | Spider:1 | Noticed Jorgrun
 24608 | Spider:1 | Killed Jorgrun
 24827 | Spider:1 | HP: 3/165 [entropy weaver (20)]
 24827 | Spider:1 | Mangled by an entropy weaver

Illustrated notes

Levels and vault maps discovered:
D:1:      doesnt_arrival_eight_statues, layout_loops_ring,
          chequers_ecumenical_altar_simple
D:2:      layout_rooms, serial_shops, shop, dk_noncrumbling_4, minmay_cupped
D:3:      layout_rooms, kennysheep_ying_yang, uniq_terence
D:4:      layout_loops_ring, kennysheep_cluttered_room
D:5:      layout_loops_corners, grunt_ministairs_15, minmay_checkerbox,
          uniq_grinder, uniq_duvessa
D:6:      wander_river, layout_basic, minmay_temple_entry_proselytizer,
          minivault_4, minmay_nine_imps, uniq_jeremiah
D:7:      layout_layer_cave, mainiacjoe_overflow_boulevard,
          gammafunk_temple_overflow_statue, nicolae_shop_self_help
D:8:      layout_basic, serial_shops, shop, gammafunk_ghost_split, uniq_erica
D:9:      layout_layer_cave, enter_bailey_8
D:10:     layout_irregular_city, zin_purify, hellmonk_ghost_big_iron
D:11:     layout_small_grid, david_lair_shrubbed, david_orc_4
D:12:     layout_loops_ring, nicolae_rejected_hall, uniq_josephine, uniq_rupert
D:13:     layout_loops_ring, gammafunk_ghost_crypt, nicolae_shop_firing_range
D:14:     layout_loops_ring, hellmonk_vaults_order_and_chaos,
          dreamdust_mushroom_princess, palyth_stone_intersect
D:15:     grunt_enter_depths_magical_seal, layout_irregular_city
Temple:   minmay_temple_bridge_d
Lair:1:   lemuel_slime, layout_gridlike, lemuel_fruit_fields,
          grunt_megastairs_4, serial_bayou_shore_b, lemuel_fruit_tree
Lair:2:   regret_index_wax_grids, layout_gridlike, grunt_megastairs_2
Lair:3:   layout_cave_pods, minmay_shoals_entry_beasts,
          hellmonk_spider_entry_life_and_decay, grunt_megastairs_1
Lair:4:   layout_regular_city, serial_rivers, chequers_serial_rivers_room_b,
          chequers_serial_rivers_large_b, chequers_serial_rivers_micro_c,
          chequers_serial_rivers_micro_c, chequers_serial_rivers_large_a,
          chequers_serial_rivers_room_b, infiniplex_staircase_pool_2,
          serial_bayou_shore_a
Lair:5:   hellmonk_lair_end_abyssal_woods, layout_cave_pods,
          nicolae_slime_entry_slimehenge
Spider:1: layout_spider_delve, uniq_aizul, uniq_jorgrun
Slime:1:  layout_caves
Orc:1:    layout_diamond_mine
Orc:2:    pf_orc_diabolical, layout_caves, bloody_makhleb, uniq_saint_roka
Elf:1:    eino_elf_arrival_altar, layout_onion_city, serial_shops, shop,
          nicolae_shop_industrial_runoff, minmay_elf_annihilation,
          corexii_hall_statues_u, nicolae_shop_i_like_small_books_too,
          uniq_louise

Skill      XL: |  1  2  3  4  5  6  7  8  9 10 11 12 13 14 15 16 |
---------------+-------------------------------------------------+-----
Fighting       | 3 4 6 8 9 10 12 | 12.0
Unarmed Combat | 3 4 5 6 10 12 13 14 | 14.6
Evocations     | 1 2 3 5 6 7 8 |  8.4
Stealth        | 1 2 |  2.0
Dodging        | 3 5 6 7 |  7.0
Translocations | 1 3 |  3.1
Throwing       | 4 7 10 11 12 | 12.6
Shields        | 8 9 11 | 11.0
Armour         | 3 5 |  5.0
Spellcasting   | 1 3 |  3.0

Action                     |  1- 3 |  4- 6 |  7- 9 | 10-12 | 13-15 | 16-18 || total
---------------------------+-------+-------+-------+-------+-------+-------++-------
  Melee: Unarmed           |    87 |    95 |   297 |   343 |   840 |   385 ||  2047
  Throw: Dart              |       |       |     3 |     5 |     9 |     2 ||    19
         Boomerang         |       |       |       |    45 |   456 |    49 ||   550
         Large rock        |       |       |       |       |   101 |     9 ||   110
         Javelin           |       |       |       |       |    15 |     5 ||    20
         Throwing net      |       |       |       |       |     1 |       ||     1
 Invoke: Serpent's Lash    |       |       |       |     1 |     4 |     1 ||     6
         Heavenly Storm    |       |       |       |       |       |     1 ||     1
Ability: Lunge             |       |       |    13 |    21 |    42 |    18 ||    94
         Whirlwind         |       |       |       |    92 |    61 |    27 ||   180
         Wall Jump         |       |       |       |       |       |     1 ||     1
  Evoke: Wand              |     1 |     1 |    10 |    10 |    23 |     1 ||    46
         Phantom mirror    |       |       |       |       |     1 |       ||     1
    Use: Scroll            |       |     7 |     6 |     5 |    11 |     7 ||    36
         Potion            |       |     1 |     6 |     2 |     3 |     3 ||    15
   Stab: Invisible         |     1 |       |     1 |     4 |     4 |       ||    10
         Sleeping          |       |     1 |     4 |     3 |     7 |     3 ||    18
         Distracted        |       |       |       |       |     2 |       ||     2
         Held in net/web   |       |       |       |       |     1 |       ||     1
 Armour: Robe              |    52 |    51 |     9 |       |       |       ||   112
         Skin              |       |    12 |    71 |       |       |       ||    83
         Steam dragon scal |       |       |   149 |   232 |   413 |   148 ||   942
  Dodge: Dodged            |    18 |    21 |    87 |    86 |   282 |   179 ||   673
  Block: Kite shield       |    39 |    34 |   126 |   160 |   660 |   287 ||  1306
         Reflection        |       |       |       |       |    30 |     3 ||    33

Table legend: (Time is in decaauts)
 A = Elapsed time spent in this place.
 B = Non-inter-level travel time spent in this place.
 C = Inter-level travel time spent in this place.
 D = Time resting spent in this place.
 E = Time spent auto-exploring this place.
 F = Levels seen in this place.
 G = Mean time per level.
                   A        B        C        D        E       F      G
               +--------+--------+--------+--------+--------+-----+--------+
         Total |  24677 |  22221 |   2456 |   1995 |  15063 |  27 |  914.0 |
       Dungeon |  14963 |  13416 |   1547 |    609 |   9781 |  15 |  997.5 |
        Temple |    144 |      1 |    143 |      0 |      0 |   1 |  144.0 |
          Lair |   6456 |   5872 |    584 |    699 |   4015 |   5 | 1291.2 |
   Spider Nest |    332 |    332 |      0 |      0 |    201 |   1 |  332.0 |
    Slime Pits |      8 |      8 |      0 |      0 |      0 |   1 |    8.0 |
  Orcish Mines |   2528 |   2349 |    179 |    687 |   1000 |   2 | 1264.0 |
   Elven Halls |     18 |     18 |      0 |      0 |      4 |   1 |   18.0 |
        Bailey |    223 |    223 |      0 |      0 |     62 |   1 |  223.0 |
               +--------+--------+--------+--------+--------+-----+--------+

Top non-repeatable levels by time:
    D:12: 1796 daAuts
   Orc:2: 1732 daAuts
  Lair:3: 1690 daAuts
  Lair:5: 1684 daAuts
     D:6: 1434 daAuts
     D:7: 1273 daAuts
  Lair:4: 1216 daAuts
     D:9: 1184 daAuts
    D:10: 1094 daAuts
     D:8: 1046 daAuts
    D:11: 1004 daAuts
    D:14: 994 daAuts
     D:5: 981 daAuts
    D:13: 967 daAuts
  Lair:1: 956 daAuts
